 Dungeon Crawl Stone Soup version 0.31-a0-963-ga325b2283a (webtiles) character file.

Game seed: 335940395519968698

224 LeprechaunX the Changeling (level 6, 0/41 HPs)
             Began as an Octopode Shapeshifter on Oct 24, 2023.
             Was an Initiate of Ru.
             Slain by an orc priest
             ... wielding a +0 falchion
              (6 damage)
             ... on level 3 of the Dungeon.
             The game lasted 00:04:09 (2936 turns).

LeprechaunX the Changeling (Octopode Shapeshifter)  Turns: 2936, Time: 00:04:10

Health: 0/41       AC:  1    Str: 15    XL:     6   Next: 0%
Magic:  6/6        EV: 11    Int: 13    God:    Ru [......]
Gold:   91         SH:  7    Dex: 11    Spells: 5/5 levels left

rFire   . .          .
                       - Unarmed
rCold   . . .        k - +0 kite shield
rNeg    . . .        (helmet currently unavailable)
rPois   .            (no amulet)
rElec   .            (no ring)
rCorr   .            (no ring)
SInv    .            (no ring)
Will    .....        (no ring)
Stlth   ++           (no ring)
HPRegen 0.26/turn    (no ring)
MPRegen 0.10/turn    (no ring)
                     (no ring)

%: no passive effects
@: beast-form
A: beast (slay +2), almost no armour, amphibious, 8 rings, camouflage 1,
gelatinous body 1, (nimble swimmer 1), tentacles
a: Begin Untransformation, Renounce Religion


You were on level 3 of the Dungeon.
You worshipped Ru.
Ru was noncommittal.
You were a hulking beast.
You visited 1 branch of the dungeon, and saw 3 of its levels.

You collected 91 gold pieces.

Inventory:

Armour
 k - a +0 kite shield (worn)
Talismans
 b - a beast talisman
 c - a flux talisman
Wands
 u - a wand of acid (5)
Scrolls
 e - a scroll of immolation {unknown}
 f - a scroll of poison {unknown}
 g - a scroll of enchant armour {unknown}
 i - a scroll of noise {unknown}
 l - 2 scrolls of revelation {unknown}
 m - 2 scrolls of fear {unknown}
 o - a scroll of vulnerability {unknown}
 p - a scroll of teleportation {unknown}
 q - a scroll of acquirement {unknown}
 v - a scroll of enchant weapon {unknown}
Potions
 a - a potion of lignification
 d - a potion of berserk rage {unknown}
 h - 2 potions of degeneration {unknown}
 j - a potion of magic {unknown}
 n - 2 potions of haste {unknown}
 r - a potion of resistance {unknown}
 s - a potion of attraction {unknown}
 t - a potion of heal wounds {unknown}
 w - a potion of curing {unknown}


   Skills:
 + Level 2.4 Fighting
 + Level 3.0 Dodging
 + Level 1.4 Shields
 + Level 3.8 Unarmed Combat
 * Level 4.3 Shapeshifting


You had 5 spell levels left.
You didn't know any spells.
Your spell library was empty.

Dungeon Overview and Level Annotations

Branches:
Dungeon (3/15)

Altars:
Fedhas
Ru

Shops:
D:1 ?


Innate Abilities, Weirdness & Mutations

You are a hulking beast.
Your limbs bulge with bestial killing power. (Slay +2)
You cannot wear most types of armour.
You are amphibious.
You can wear up to eight rings at the same time.
Your skin changes colour to match your surroundings (Stealth+).
Your rubbery body absorbs attacks. (AC +1, EV +1)
((You are camouflaged when in or above water. (Stealth+)))
You have tentacles for arms and can constrict up to eight enemies at once.


Message History

3 orcs and 2 orc priests come into view.
The orc priest shouts! x2; The orc shouts!
Found a chain mail and 62 gold pieces.
Found a roughly hewn altar of Beogh.
There are monsters nearby!
There are monsters nearby!
There are monsters nearby!
The orc priest calls down the wrath of Beogh upon you.
Beogh smites you!
You barely miss the orc. You grab the orc. You constrict the orc.
The orc hits you but does no damage.
You tentacle-slap the orc.
You kill the orc!
You tentacle-slap the orc. You grab the orc. You squeeze the orc.
You kill the orc!
You closely miss the orc priest. You grab the orc priest.
You constrict the orc priest.
The orc priest looks satisfied for a moment.
You block the orc priest's attack.
You tentacle-slap the orc priest but do no damage.
The orc priest is lightly wounded.
You constrict the orc priest.
The orc priest hits you but does no damage.
You bludgeon the orc priest!
The orc priest is severely wounded.
You constrict the orc priest. The orc priest closely misses you.
You bludgeon the orc priest!
You kill the orc priest!
The orc priest calls down the wrath of Beogh upon you.
Beogh smites you!
* * * LOW HITPOINT WARNING * * *
Your Dodging skill increases to level 3!
You have reached level 6!
The orc priest hits you with a +0 falchion.
* * * LOW HITPOINT WARNING * * *
Items here: ))) ††.
You barely miss the orc priest.
The orc shouts!
You grab the orc priest. You constrict the orc priest.
The orc priest hits you with a +0 falchion.
You die...

##P....#######
...PP........#######
...♣♣♣....P...##$_$##
....♣♣........#o8.8.#
.#.....P♣♣P...#o$o..#
.##..P..♣♣♣♣..#$8.8$#
.####...P.PP..##.[.#
...##..........##'#
.#..#.....P.....ho# ###
.##.#..........#### #.♣P##
....#..........#####..♣..##
##....................♣..P## #
#..####..........P..P♣♣...## #
##..####........÷....♣♣P.♣..# ♣
#.....##...........P♣♣♣♣♣♣..## #
...##................P♣......#♣#♣
.....##..........)...P.♣...#.....


You could see an orc priest and an orc.

Vanquished Creatures
  A hound (D:2)
  An orc priest (D:3)
  Terence (D:2)
  3 gnolls
  An adder (D:2)
  An adder zombie (D:2)
  2 worms
  2 dart slugs
  4 orcs (D:3)
  8 bats
  2 bat skeletons (D:2)
  7 endoplasms
  A giant cockroach (D:3)
  4 goblins
  10 hobgoblins
  8 jackals
  8 kobolds
  2 quokkas (D:1)
  5 ball pythons
  6 frilled lizards
  6 rats
83 creatures vanquished.

Notes
Turn   | Place    | Note
-------+----------+-------------------------------------------
     0 | D:1      | LeprechaunX the Octopode Shapeshifter began the quest for
                  | the Orb.
     0 | D:1      | Reached XP level 1. HP: 13/13 MP: 1/1
   105 | D:1      | Reached XP level 2. HP: 17/18 MP: 2/2
   165 | D:1      | Found Fuavemam's Magic Scroll Emporium.
   315 | D:1      | Reached XP level 3. HP: 23/23 MP: 3/3
   977 | D:2      | Found a faded altar of an unknown god.
  1275 | D:2      | Reached XP level 4. HP: 15/29 MP: 4/4
  1838 | D:2      | Noticed Terence
  1850 | D:2      | Killed Terence
  1851 | D:2      | Reached skill level 1 in Shields
  1851 | D:2      | Reached skill level 4 in Shapeshifting
  1851 | D:2      | Reached XP level 5. HP: 27/34 MP: 5/5
  2156 | D:3      | Found a sacrificial altar of Ru.
  2228 | D:3      | Became a worshipper of Ru the Awakened
  2298 | D:3      | Found a blossoming altar of Fedhas.
  2935 | D:3      | Reached XP level 6. HP: 11/41 MP: 6/6
  2936 | D:3      | Slain by an orc priest

Illustrated notes

Levels and vault maps discovered:
D:1:      erik_arrival_orb_chamber, layout_basic, serial_shops,
          nicolae_shop_trees, minmay_misc_feat_more_columns
D:2:      layout_loops_corners, chequers_ecumenical_altar_lobes, serial_undead,
          serial_undead_e, serial_undead_a, serial_undead_a, serial_undead_c,
          kennysheep_generic_room_15, uniq_terence
D:3:      layout_rooms, fedhas_altar_fruit_tree, lemuel_coloured_pillars_altar,
          serial_forest, infiniplex_forest_corner_1,
          infiniplex_forest_straight_1, infiniplex_forest_clump_double,
          infiniplex_forest_clump_small, infiniplex_forest_clump_cross,
          infiniplex_forest_side_room, infiniplex_forest_lined_3_way,
          infiniplex_forest_clump_double, kennysheep_orc_chapel

Skill      XL: |  1  2  3  4  5 |
---------------+----------------+-----
Fighting       | 2 |  2.4
Shields        | 1 |  1.4
Shapeshifting  | 4 |  4.3
Dodging        | 3 |  3.0
Unarmed Combat | |  3.8

Action                     |  1- 3 |  4- 6 || total
---------------------------+-------+-------++-------
  Melee: Unarmed           |    88 |    91 ||   179
         Constrict         |    23 |    31 ||    54
         Tentacles         |    12 |    24 ||    36
         Punch             |     4 |     1 ||     5
  Throw: Throwing net      |       |     1 ||     1
   Stab: Sleeping          |     6 |     3 ||     9
 Armour: Skin              |    41 |    41 ||    82
  Dodge: Dodged            |    65 |    25 ||    90
  Block: Kite shield       |     9 |    22 ||    31

Table legend: (Time is in decaauts)
 A = Elapsed time spent in this place.
 B = Non-inter-level travel time spent in this place.
 C = Inter-level travel time spent in this place.
 D = Time resting spent in this place.
 E = Time spent auto-exploring this place.
 F = Levels seen in this place.
 G = Mean time per level.
                   A        B        C        D        E       F      G
               +--------+--------+--------+--------+--------+-----+--------+
         Total |   2947 |   2800 |    147 |    160 |   2080 |   3 |  982.3 |
       Dungeon |   2947 |   2800 |    147 |    160 |   2080 |   3 |  982.3 |
               +--------+--------+--------+--------+--------+-----+--------+

Top non-repeatable levels by time:
     D:2: 1316 daAuts
     D:1: 884 daAuts
     D:3: 746 daAuts
